Thunder vs Sewer Rats
Created - November 24, 2019 at 20:37
Goals
|
Thunder |
1 |
1 |
0 |
2 |
Sewer Rats |
0 |
2 |
4 |
6 |
|
Shots
|
Thunder |
7 |
14 |
6 |
27 |
Sewer Rats |
8 |
16 |
12 |
36 |
|
1st period
1. Thunder , Trevor Lewis 3 (David Wolf 3, Joey Ryan 4) at 4:47
Penalties :
Erik Condra (Tol) for Hooking (Minor) at 11:47, Jonathan Marchessault (Tol) for Interference (Minor) at 14:48, Vincent Trocheck (Tol) for Roughing (Double Minor) at 18:52
2nd period
2. Sewer Rats , Nick Cousins 5 (Ryan Murphy 2) at 5:33
3. Thunder , Eric Fehr 7 (William Karlsson 13, Dany Roussin 6) at 12:52 (PP)
4. Sewer Rats , Mark Mancari 14 (Steven Kampfer 5, Vincent Trocheck 26) at 12:58
Penalties :
Ryan Murphy (Tol) for Tripping (Minor) at 12:39, Joey Ryan (TRO) for Roughing (Minor) at 17:33, Vincent Trocheck (Tol) for Goalie Interference (Minor) at 17:36
3rd period
5. Sewer Rats , Joseph Blandisi 3 (Ryan Murphy 3) at 2:52
6. Sewer Rats , Nick Cousins 6 (Joseph Blandisi 3, Martin Frk 7) at 5:12
7. Sewer Rats , Dmitrij Jaskin 6 (Stefan Elliott 11, Joel Edmundson 6) at 10:09
8. Sewer Rats , Erik Condra 10 (Daniel Carr 9, Jonathan Marchessault 10) at 14:54
Penalties :
Joel Edmundson (Tol) for Holding (Minor) at 0:13, Dany Roussin (TRO) for Holding (Minor) at 3:01, William Karlsson (TRO) for Tripping (Minor) at 15:10, Mikko Vainonen (TRO) for Boarding (Minor) at 18:12
Goalie Stats
Niklas Treutle (TRO), 30 saves from 36 shots - (0.833), L, 2-8-0, 60:00 minutes
Marek Mazanek (Tol), 25 saves from 27 shots - (0.926), W, 9-0-0, 60:00 minutes
Players Stats for Thunder
Player Name G A P +/- PIM S H SB GA TA FO MP PP MP PK MP
------------------------------------------------------------------------------------
Artur Gavrus 0 0 0 0 0 0 0 0 0 0 0/0 0:00 0:00 0:00
Austin Poganski 0 0 0 -2 0 1 3 0 0 0 0/0 12:15 0:30 0:00
Austin Wuthrich 0 0 0 0 0 3 0 0 0 0 0/0 17:08 4:20 0:00
Colby Cave 0 0 0 0 0 1 0 0 0 0 0/0 0:49 0:30 0:00
Dany Roussin 0 1 1 -3 2 3 3 2 0 0 0/1 19:50 5:16 1:58
David Wolf 0 1 1 0 0 2 3 0 1 0 0/0 20:57 4:26 2:20
Derek Forbort 0 0 0 -1 0 0 1 0 0 0 0/0 20:47 4:11 2:30
Emil Johansson 0 0 0 -1 0 0 0 0 0 0 0/0 4:11 0:00 0:12
Eric Fehr 1 0 1 -2 0 3 1 0 1 0 3/8 25:29 5:16 3:00
Gianluca Curcuruto 0 0 0 0 0 0 1 2 0 0 0/0 10:33 0:03 0:00
Jamie McGinn 0 0 0 -2 0 4 1 1 1 0 1/1 11:41 0:00 0:00
Jarrod Maidens 0 0 0 0 0 0 0 0 0 0 0/0 1:54 0:00 1:54
Jesper Pettersson 0 0 0 0 0 1 0 0 0 2 0/0 9:50 0:00 0:53
Joey Ryan 0 1 1 -3 2 2 2 0 0 0 0/0 25:18 6:02 3:15
Jordan Weal 0 0 0 0 0 0 1 0 0 0 2/3 7:02 0:00 1:09
Mackenze Stewart 0 0 0 -1 0 0 0 0 0 0 0/0 3:59 0:00 0:00
Mikko Vainonen 0 0 0 -1 2 0 0 1 0 0 0/0 19:04 4:08 1:28
Nikolay Prokhorkin 0 0 0 -1 0 0 0 1 0 0 0/0 6:05 0:00 0:41
Peter Andersson 0 0 0 -3 0 2 1 1 1 0 0/0 26:17 6:01 3:18
Trevor Lewis 1 0 1 0 0 3 1 0 0 0 7/12 17:18 4:25 0:00
Vincent Dunn 0 0 0 0 0 0 1 0 0 0 0/0 1:23 0:35 0:00
William Karlsson 0 1 1 -3 2 2 2 0 1 0 12/26 18:41 5:17 0:34
Zach Stepan 0 0 0 -2 0 0 1 1 0 0 4/8 11:41 0:00 0:00
Players Stats for Sewer Rats
Player Name G A P +/- PIM S H SB GA TA FO MP PP MP PK MP
------------------------------------------------------------------------------------
Connor Carrick 0 0 0 1 0 0 0 0 0 0 0/0 4:32 0:00 0:17
Daniel Carr 0 1 1 0 0 0 0 0 0 0 0/0 17:10 2:48 1:04
Dmitrij Jaskin 1 0 1 1 0 1 0 0 0 0 2/2 7:10 0:00 2:56
Erik Condra 1 0 1 0 2 3 0 0 0 0 0/1 18:48 2:48 3:01
Jarred Tinordi 0 0 0 2 0 1 2 2 0 1 0/0 27:05 3:31 6:11
Joel Edmundson 0 1 1 0 2 1 0 0 0 1 0/0 18:55 2:17 3:04
John Ramage 0 0 0 2 0 0 0 0 0 0 0/0 9:55 0:00 0:40
Jonathan Marchessault 0 1 1 0 2 4 0 2 0 2 4/9 15:15 2:48 0:00
Joseph Blandisi 1 1 2 3 0 2 2 1 1 0 0/0 11:28 0:00 0:00
Mark Mancari 1 0 1 2 0 9 0 1 1 0 5/12 26:40 3:00 5:20
Martin Frk 0 1 1 3 0 2 1 0 0 0 0/0 12:26 0:00 0:00
Michael Dal Colle 0 0 0 1 0 0 0 0 0 0 0/0 3:46 0:00 0:00
Nick Cousins 2 0 2 3 0 6 0 0 0 0 3/9 12:48 0:00 0:36
Ryan Murphy 0 2 2 3 2 0 0 2 0 1 0/0 9:58 0:00 0:04
Stefan Elliott 0 1 1 0 0 3 1 2 0 0 0/0 19:21 2:17 3:57
Steven Kampfer 0 1 1 2 0 3 0 3 0 0 0/0 27:05 3:31 6:11
Tomas Tatar 0 0 0 1 0 0 1 0 0 0 1/1 23:09 3:00 5:26
Vincent Trocheck 0 1 1 1 6 1 1 0 0 0 15/25 18:40 2:59 2:01
Xavier Ouellet 0 0 0 0 0 0 0 0 0 0 0/0 3:35 0:00 0:00
3 Stars
1 - Nick Cousins (Tol)
2 - Joseph Blandisi (Tol)
3 - Mark Mancari (Tol)
Power Play
Thunder - 1 on 7 Attempt(s) - 14.29%
Sewer Rats - 0 on 4 Attempt(s) - 0.00%
Penalty Kill
Thunder - 4 on 4 Attempt(s) - 100.00%
- Score 0 goal in Penalty Kill
Sewer Rats - 6 on 7 Attempt(s) - 85.71%
- Score 0 goal in Penalty Kill
Team Stat
Thunder - Hits : 22 - Faceoff Wins : 29 - Blocked Shots : 9 - Penalty Minutes : 8
Sewer Rats - Hits : 8 - Faceoff Wins : 30 - Blocked Shots : 13 - Penalty Minutes : 14
Official
Referees : Unknown
Linesman : Unknown
Game Notes
No Game Note
Finance
Level 1 -- Attendance: 1429 (71.45%) -- Ticket Income $50,015
Level 2 -- Attendance: 794 (79.40%) -- Ticket Income $13,498
Total Attendance: 2223 (74.10%)
Total Ticket Income: $63,513
Other Income: $3,176
Total Income: $66,689
Thunder
5 vs 5 Forward
Center Left Wing Right Wing Time % Phy DF OF
1 William Karlsson Dany Roussin Eric Fehr 40 1 2 2
2 Trevor Lewis David Wolf Austin Wuthrich 30 1 2 2
3 Zach Stepan Jamie McGinn Austin Poganski 20 1 2 2
4 Jordan Weal Nikolay Prokhorkin Eric Fehr 10 1 2 2
5 vs 5 Defense
Defense Defense Time % Phy DF OF
1 Joey Ryan Peter Andersson 40 1 2 2
2 Derek Forbort Mikko Vainonen 30 1 2 2
3 Gianluca Curcuruto Jesper Pettersson 20 1 2 2
4 Emil Johansson Mackenze Stewart 10 1 2 2
PowerPlay Forward
Center Left Wing Right Wing Time % Phy DF OF
1 William Karlsson Dany Roussin Eric Fehr 60 1 2 2
2 Trevor Lewis David Wolf Austin Wuthrich 40 1 2 2
PowerPlay Defense
Defense Defense Time % Phy DF OF
1 Joey Ryan Peter Andersson 60 1 2 2
2 Derek Forbort Mikko Vainonen 40 1 2 2
Penalty Kill 4 Players Forward
Center Wing Time % Phy DF OF
1 Eric Fehr Dany Roussin 60 1 2 2
2 William Karlsson David Wolf 40 1 2 2
Penalty Kill 4 Players Defense
Defense Defense Time % Phy DF OF
1 Joey Ryan Peter Andersson 60 1 2 2
2 Derek Forbort Mikko Vainonen 40 1 2 2
Penalty Kill - 3 Players Forward
Forward Time % Phy DF OF
1 Eric Fehr 60 1 2 2
2 Dany Roussin 40 1 2 2
Penalty Kill - 3 Players Defense
Defense Defense Time % Phy DF OF
1 Joey Ryan Peter Andersson 60 1 2 2
2 Derek Forbort Mikko Vainonen 40 1 2 2
4 vs 4 Forward
Center Wing Time % Phy DF OF
1 Eric Fehr Dany Roussin 60 1 2 2
2 William Karlsson David Wolf 40 1 2 2
4 vs 4 Defense
Defense Defense Time % Phy DF OF
1 Joey Ryan Peter Andersson 60 1 2 2
2 Derek Forbort Mikko Vainonen 40 1 2 2
Last Minutes Offensive
Center Left Wing Right Wing Defense Defense
William Karlsson Dany Roussin Eric Fehr Joey Ryan Peter Andersson
Last Minutes Defensive
Center Left Wing Right Wing Defense Defense
William Karlsson Dany Roussin Eric Fehr Joey Ryan Peter Andersson
Goaltenders
Starting : Niklas Treutle
Backup : Jussi Rynnas
Extra Forwards
Normal : Vincent Dunn, Colby Cave, Jarrod Maidens - PP : Vincent Dunn, Colby Cave - PK : Jarrod Maidens
Extra Defensemen
Normal : Gianluca Curcuruto, Jesper Pettersson, Emil Johansson - PP : Gianluca Curcuruto - PK : Jesper Pettersson, Emil Johansson
Penalty Shots
Eric Fehr, Dany Roussin, William Karlsson, David Wolf, Trevor Lewis
Scratches
Mason McDonald (Healthy)
Sewer Rats
5 vs 5 Forward
Center Left Wing Right Wing Time % Phy DF OF
1 Vincent Trocheck Tomas Tatar Mark Mancari 40 1 2 2
2 Jonathan Marchessault Daniel Carr Erik Condra 30 1 2 2
3 Nick Cousins Joseph Blandisi Martin Frk 20 1 2 2
4 Mark Mancari Michael Dal Colle Dmitrij Jaskin 10 1 2 2
5 vs 5 Defense
Defense Defense Time % Phy DF OF
1 Jarred Tinordi Steven Kampfer 40 1 2 2
2 Stefan Elliott Joel Edmundson 30 1 2 2
3 Ryan Murphy John Ramage 20 1 2 2
4 Connor Carrick Xavier Ouellet 10 1 2 2
PowerPlay Forward
Center Left Wing Right Wing Time % Phy DF OF
1 Vincent Trocheck Tomas Tatar Mark Mancari 60 1 2 2
2 Jonathan Marchessault Daniel Carr Erik Condra 40 1 2 2
PowerPlay Defense
Defense Defense Time % Phy DF OF
1 Jarred Tinordi Steven Kampfer 60 1 2 2
2 Stefan Elliott Joel Edmundson 40 1 2 2
Penalty Kill 4 Players Forward
Center Wing Time % Phy DF OF
1 Mark Mancari Tomas Tatar 60 1 2 2
2 Vincent Trocheck Erik Condra 40 1 2 2
Penalty Kill 4 Players Defense
Defense Defense Time % Phy DF OF
1 Jarred Tinordi Steven Kampfer 60 1 2 2
2 Stefan Elliott Joel Edmundson 40 1 2 2
Penalty Kill - 3 Players Forward
Forward Time % Phy DF OF
1 Mark Mancari 60 1 2 2
2 Tomas Tatar 40 1 2 2
Penalty Kill - 3 Players Defense
Defense Defense Time % Phy DF OF
1 Jarred Tinordi Steven Kampfer 60 1 2 2
2 Stefan Elliott Joel Edmundson 40 1 2 2
4 vs 4 Forward
Center Wing Time % Phy DF OF
1 Mark Mancari Tomas Tatar 60 1 2 2
2 Vincent Trocheck Erik Condra 40 1 2 2
4 vs 4 Defense
Defense Defense Time % Phy DF OF
1 Jarred Tinordi Steven Kampfer 60 1 2 2
2 Stefan Elliott Joel Edmundson 40 1 2 2
Last Minutes Offensive
Center Left Wing Right Wing Defense Defense
Vincent Trocheck Tomas Tatar Mark Mancari Jarred Tinordi Steven Kampfer
Last Minutes Defensive
Center Left Wing Right Wing Defense Defense
Vincent Trocheck Tomas Tatar Mark Mancari Jarred Tinordi Steven Kampfer
Goaltenders
Starting : Marek Mazanek
Backup : Darcy Kuemper
Extra Forwards
Normal : Martin Frk, Nick Cousins, Dmitrij Jaskin - PP : Martin Frk, Nick Cousins - PK : Dmitrij Jaskin
Extra Defensemen
Normal : Ryan Murphy, John Ramage, Connor Carrick - PP : Ryan Murphy - PK : John Ramage, Connor Carrick
Penalty Shots
Mark Mancari, Tomas Tatar, Vincent Trocheck, Erik Condra, Jonathan Marchessault
Scratches
Dominik Kubalik (Healthy), Josh Archibald (Healthy), Jonathan Racine (Healthy), Tyler Motte (Healthy), Chris Calhan (Healthy)
Anthony Duclair (Abdomen/Ribs Injury), Jared McCann (Bruised Left Leg Injury), Mark Friedman (Healthy), Matteson Iacopelli (Healthy), Sergei Kostenko (Healthy)
Antoine Bibeau (Healthy)
% Time on Ice - Thunder
Lines # - Real PCT - Wanted PCT - Time Play
Normal Forward
1 - 29% - 40% - 12:18
2 - 31% - 30% - 12:53
3 - 28% - 20% - 11:41
4 - 12% - 10% - 5:12
Normal Defense
1 - 40% - 40% - 16:39
2 - 30% - 30% - 12:29
3 - 21% - 20% - 8:57
4 - 9% - 10% - 3:59
PP Forward
1 - 57% - 60% - 5:46
2 - 43% - 40% - 4:26
PP Defense
1 - 59% - 60% - 6:04
2 - 41% - 40% - 4:08
PK Forward
1 - 85% - 60% - 4:57
2 - 15% - 40% - 0:51
PK Defense
1 - 57% - 60% - 3:18
2 - 43% - 40% - 2:30
PK3 Forward
1 - 0% - 60%
2 - 0% - 40%
PK3 Defense
1 - 0% - 60%
2 - 0% - 40%
44 Forward
1 - 68% - 60% - 1:19
2 - 32% - 40% - 0:37
44 Defense
1 - 48% - 60% - 0:56
2 - 52% - 40% - 1:00
Last Minute Offensive - 0:00
Last Minute Defensive - 0:00
Total
Forward - 60:00
Defense - 60:00
|
% Time on Ice - Sewer Rats
Lines # - Real PCT - Wanted PCT - Time Play
Normal Forward
1 - 34% - 40% - 14:20
2 - 30% - 30% - 12:30
3 - 27% - 20% - 11:28
4 - 9% - 10% - 3:46
Normal Defense
1 - 39% - 40% - 16:16
2 - 31% - 30% - 12:58
3 - 22% - 20% - 9:15
4 - 9% - 10% - 3:35
PP Forward
1 - 52% - 60% - 3:00
2 - 48% - 40% - 2:48
PP Defense
1 - 61% - 60% - 3:31
2 - 39% - 40% - 2:17
PK Forward
1 - 65% - 60% - 6:38
2 - 35% - 40% - 3:34
PK Defense
1 - 61% - 60% - 6:11
2 - 39% - 40% - 4:01
PK3 Forward
1 - 0% - 60%
2 - 0% - 40%
PK3 Defense
1 - 0% - 60%
2 - 0% - 40%
44 Forward
1 - 80% - 60% - 1:33
2 - 20% - 40% - 0:23
44 Defense
1 - 58% - 60% - 1:07
2 - 42% - 40% - 0:49
Last Minute Offensive - 0:00
Last Minute Defensive - 0:00
Total
Forward - 60:00
Defense - 60:00
|
Play-by-Play
1st period
0:01 of 1st period - William Karlsson wins face-off versus Vincent Trocheck in neutral zone.
0:10 of 1st period - Wrist shot by Dany Roussin.
0:10 of 1st period - Stopped by Marek Mazanek without a rebound.
0:11 of 1st period - Trevor Lewis wins face-off versus Jonathan Marchessault in Sewer Rats zone.
0:44 of 1st period - Stefan Elliott is hit by Zach Stepan and loses puck.
1:42 of 1st period - Wrist shot by David Wolf.
1:42 of 1st period - Stopped by Marek Mazanek with a rebound.
1:48 of 1st period - Snap shot by David Wolf.
1:48 of 1st period - Shot Misses the Net.
2:00 of 1st period - Snap shot by Mark Mancari.
2:00 of 1st period - Stopped by Niklas Treutle with a rebound.
2:10 of 1st period - Wrist shot by Nick Cousins.
2:10 of 1st period - Shot Blocked by Gianluca Curcuruto.
2:20 of 1st period - Erik Condra is hit by Gianluca Curcuruto and loses puck.
3:32 of 1st period - Snap shot by Jonathan Marchessault.
3:32 of 1st period - Shot Misses the Net.
4:08 of 1st period - Snap shot by Jordan Weal.
4:08 of 1st period - Shot Blocked by Ryan Murphy.
4:10 of 1st period - Slapshot by Jesper Pettersson.
4:10 of 1st period - Deflect By Ryan Murphy.
4:10 of 1st period - Stopped by Marek Mazanek without a rebound.
4:11 of 1st period - Zach Stepan wins face-off versus Jonathan Marchessault in Sewer Rats zone.
4:12 of 1st period - Snap shot by Jamie McGinn.
4:12 of 1st period - Stopped by Marek Mazanek with a rebound.
4:24 of 1st period - Slapshot by Peter Andersson.
4:24 of 1st period - Shot Misses the Net.
4:45 of 1st period - Slapshot by Trevor Lewis.
4:45 of 1st period - Stopped by Marek Mazanek with a rebound.
4:47 of 1st period - Snap shot by Trevor Lewis.
4:47 of 1st period - Goal by Trevor Lewis - Thunder : 1 - Sewer Rats : 0.
4:48 of 1st period - William Karlsson wins face-off versus Vincent Trocheck in neutral zone.
4:51 of 1st period - Jarred Tinordi is hit by Dany Roussin and loses puck.
5:35 of 1st period - Wrist shot by Daniel Carr.
5:35 of 1st period - Shot Misses the Net.
5:55 of 1st period - Eric Fehr is hit by Jarred Tinordi and loses puck.
7:25 of 1st period - Icing by Jamie McGinn.
7:26 of 1st period - Zach Stepan wins face-off versus Erik Condra in Thunder zone.
7:39 of 1st period - Snap shot by Erik Condra.
7:39 of 1st period - Shot Misses the Net.
8:58 of 1st period - Wrist shot by Daniel Carr.
8:58 of 1st period - Shot Misses the Net.
9:00 of 1st period - Wrist shot by Vincent Trocheck.
9:00 of 1st period - Shot Misses the Net.
9:02 of 1st period - Slapshot by Joel Edmundson.
9:02 of 1st period - Shot Blocked by Dany Roussin.
9:04 of 1st period - Slapshot by Stefan Elliott.
9:04 of 1st period - Shot Misses the Net.
9:06 of 1st period - Slapshot by Stefan Elliott.
9:06 of 1st period - Stopped by Niklas Treutle without a rebound.
9:07 of 1st period - Vincent Trocheck wins face-off versus Trevor Lewis in Thunder zone.
9:08 of 1st period - Wrist shot by Mark Mancari.
9:08 of 1st period - Stopped by Niklas Treutle with a rebound.
9:10 of 1st period - Wrist shot by Vincent Trocheck.
9:10 of 1st period - Deflect By Trevor Lewis.
9:10 of 1st period - Shot Misses the Net.
9:10 of 1st period - Puck is out of play.
9:11 of 1st period - Trevor Lewis wins face-off versus Vincent Trocheck in Thunder zone.
9:26 of 1st period - Slapshot by David Wolf.
9:26 of 1st period - Shot Blocked by Steven Kampfer.
10:10 of 1st period - Wrist shot by Nick Cousins.
10:10 of 1st period - Stopped by Niklas Treutle without a rebound.
10:11 of 1st period - William Karlsson wins face-off versus Vincent Trocheck in Thunder zone.
10:38 of 1st period - Stefan Elliott is hit by Derek Forbort and loses puck.
11:20 of 1st period - Icing by Tomas Tatar.
11:21 of 1st period - Vincent Trocheck wins face-off versus Eric Fehr in Sewer Rats zone.
11:32 of 1st period - Slapshot by Mark Mancari.
11:32 of 1st period - Shot Misses the Net.
11:47 of 1st period - Minor Penalty to Erik Condra for Hooking.
11:48 of 1st period - William Karlsson wins face-off versus Mark Mancari in Sewer Rats zone.
11:53 of 1st period - Snap shot by Dany Roussin.
11:53 of 1st period - Deflect By Eric Fehr.
11:53 of 1st period - Shot Blocked by Mark Mancari.
11:53 of 1st period - Puck is out of play.
11:54 of 1st period - Mark Mancari wins face-off versus William Karlsson in Sewer Rats zone.
13:10 of 1st period - Snap shot by Vincent Trocheck.
13:10 of 1st period - Stopped by Niklas Treutle with a rebound.
13:47 of 1st period - Penalty to Erik Condra is over, Erik Condra is back on ice.
14:14 of 1st period - Wrist shot by Joseph Blandisi.
14:14 of 1st period - Stopped by Niklas Treutle with a rebound.
14:35 of 1st period - Icing by Zach Stepan.
14:36 of 1st period - Jonathan Marchessault wins face-off versus Trevor Lewis in Thunder zone.
14:48 of 1st period - Minor Penalty to Jonathan Marchessault for Interference.
14:49 of 1st period - William Karlsson wins face-off versus Mark Mancari in Sewer Rats zone.
15:05 of 1st period - Steven Kampfer is hit by Joey Ryan and loses puck.
16:48 of 1st period - Penalty to Jonathan Marchessault is over, Jonathan Marchessault is back on ice.
16:50 of 1st period - Off-side.
16:51 of 1st period - Nick Cousins wins face-off versus Zach Stepan in neutral zone.
17:02 of 1st period - Snap shot by Nick Cousins.
17:02 of 1st period - Shot Misses the Net.
18:01 of 1st period - Gianluca Curcuruto is hit by Vincent Trocheck and loses puck.
18:29 of 1st period - Wrist shot by William Karlsson.
18:29 of 1st period - Stopped by Marek Mazanek with a rebound.
18:35 of 1st period - Dany Roussin is hit by Jarred Tinordi and loses puck.
18:46 of 1st period - Vincent Trocheck is hit by Austin Poganski and loses puck.
18:52 of 1st period - Double Minor Penalty to Vincent Trocheck for Roughing.
18:53 of 1st period - Mark Mancari wins face-off versus William Karlsson in Sewer Rats zone.
18:53 of 1st period - Mark Mancari is hit by Dany Roussin.
19:00 of 1st period - Snap shot by Mark Mancari.
19:00 of 1st period - Stopped by Niklas Treutle with a rebound.
19:20 of 1st period - Steven Kampfer is hit by David Wolf and loses puck.
19:35 of 1st period - Slapshot by Jarred Tinordi.
19:35 of 1st period - Stopped by Niklas Treutle with a rebound.
Goals for this period are 1 for Thunder vs 0 for Sewer Rats.
Shots for this period are 7 for Thunder vs 8 for Sewer Rats.
2nd period
0:01 of 2nd period - Mark Mancari wins face-off versus William Karlsson in neutral zone.
0:12 of 2nd period - Wrist shot by Mark Mancari.
0:12 of 2nd period - Stopped by Niklas Treutle with a rebound.
0:20 of 2nd period - Tomas Tatar is hit by William Karlsson and loses puck.
0:35 of 2nd period - Wrist shot by Trevor Lewis.
0:35 of 2nd period - Deflect By Austin Wuthrich.
0:35 of 2nd period - Stopped by Marek Mazanek without a rebound.
0:36 of 2nd period - Dmitrij Jaskin wins face-off versus Trevor Lewis in Sewer Rats zone.
2:44 of 2nd period - Steven Kampfer is hit by Vincent Dunn and loses puck.
2:49 of 2nd period - Slapshot by Joey Ryan.
2:49 of 2nd period - Stopped by Marek Mazanek with a rebound.
2:52 of 2nd period - Penalty to Vincent Trocheck is over, Vincent Trocheck is back on ice.
3:13 of 2nd period - Wrist shot by Jonathan Marchessault.
3:13 of 2nd period - Stopped by Niklas Treutle with a rebound.
3:15 of 2nd period - Snap shot by Daniel Carr.
3:15 of 2nd period - Shot Misses the Net.
3:17 of 2nd period - Slapshot by Ryan Murphy.
3:17 of 2nd period - Shot Blocked by Nikolay Prokhorkin.
3:31 of 2nd period - Icing by Austin Poganski.
3:32 of 2nd period - Mark Mancari wins face-off versus Zach Stepan in Thunder zone.
3:37 of 2nd period - Snap shot by Mark Mancari.
3:37 of 2nd period - Shot Misses the Net.
3:39 of 2nd period - Wrist shot by Vincent Trocheck.
3:39 of 2nd period - Shot Blocked by Zach Stepan.
3:41 of 2nd period - Snap shot by Mark Mancari.
3:41 of 2nd period - Shot Blocked by Jamie McGinn.
3:53 of 2nd period - Snap shot by Erik Condra.
3:53 of 2nd period - Shot Misses the Net.
3:55 of 2nd period - Slapshot by Joel Edmundson.
3:55 of 2nd period - Stopped by Niklas Treutle without a rebound.
3:56 of 2nd period - William Karlsson wins face-off versus Jonathan Marchessault in Thunder zone.
4:08 of 2nd period - Wrist shot by Erik Condra.
4:08 of 2nd period - Shot Misses the Net.
4:10 of 2nd period - Snap shot by Jonathan Marchessault.
4:10 of 2nd period - Shot Misses the Net.
5:08 of 2nd period - Erik Condra is hit by William Karlsson and loses puck.
5:29 of 2nd period - Snap shot by Mark Mancari.
5:29 of 2nd period - Stopped by Niklas Treutle without a rebound.
5:30 of 2nd period - Zach Stepan wins face-off versus Nick Cousins in Thunder zone.
5:33 of 2nd period - Wrist shot by Nick Cousins.
5:33 of 2nd period - Goal by Nick Cousins - Thunder : 1 - Sewer Rats : 1.
5:34 of 2nd period - Vincent Trocheck wins face-off versus William Karlsson in neutral zone.
6:22 of 2nd period - Snap shot by Nick Cousins.
6:22 of 2nd period - Stopped by Niklas Treutle with a rebound.
6:28 of 2nd period - Snap shot by Martin Frk.
6:28 of 2nd period - Stopped by Niklas Treutle with a rebound.
6:48 of 2nd period - Wrist shot by Eric Fehr.
6:48 of 2nd period - Shot Misses the Net.
7:33 of 2nd period - Backhand shot by Zach Stepan.
7:33 of 2nd period - Deflect By Austin Poganski.
7:33 of 2nd period - Shot Blocked by Joseph Blandisi.
7:33 of 2nd period - Puck is out of play.
7:34 of 2nd period - Trevor Lewis wins face-off versus Nick Cousins in Sewer Rats zone.
9:15 of 2nd period - Wrist shot by Jonathan Marchessault.
9:15 of 2nd period - Stopped by Niklas Treutle with a rebound.
9:17 of 2nd period - Snap shot by Daniel Carr.
9:17 of 2nd period - Deflect By Erik Condra.
9:17 of 2nd period - Stopped by Niklas Treutle with a rebound.
9:19 of 2nd period - Slapshot by Jarred Tinordi.
9:19 of 2nd period - Shot Misses the Net.
9:44 of 2nd period - Icing by Jarred Tinordi.
9:45 of 2nd period - Jamie McGinn wins face-off versus Nick Cousins in Sewer Rats zone.
9:46 of 2nd period - Snap shot by Zach Stepan.
9:46 of 2nd period - Shot Misses the Net.
9:52 of 2nd period - Slapshot by Jamie McGinn.
9:52 of 2nd period - Stopped by Marek Mazanek without a rebound.
9:53 of 2nd period - Trevor Lewis wins face-off versus Vincent Trocheck in Sewer Rats zone.
9:56 of 2nd period - Snap shot by Trevor Lewis.
9:56 of 2nd period - Shot Misses the Net.
9:58 of 2nd period - Snap shot by Trevor Lewis.
9:58 of 2nd period - Stopped by Marek Mazanek without a rebound.
9:59 of 2nd period - Vincent Trocheck wins face-off versus Trevor Lewis in Sewer Rats zone.
10:13 of 2nd period - Snap shot by David Wolf.
10:13 of 2nd period - Deflect By Austin Wuthrich.
10:13 of 2nd period - Shot Misses the Net.
10:13 of 2nd period - Puck is out of play.
10:14 of 2nd period - William Karlsson wins face-off versus Vincent Trocheck in Sewer Rats zone.
10:15 of 2nd period - Snap shot by Eric Fehr.
10:15 of 2nd period - Stopped by Marek Mazanek without a rebound.
10:16 of 2nd period - Vincent Trocheck wins face-off versus William Karlsson in Sewer Rats zone.
10:41 of 2nd period - Daniel Carr is hit by Joey Ryan and loses puck.
10:46 of 2nd period - Snap shot by David Wolf.
10:46 of 2nd period - Shot Blocked by Jonathan Marchessault.
10:48 of 2nd period - Wrist shot by David Wolf.
10:48 of 2nd period - Shot Blocked by Steven Kampfer.
10:50 of 2nd period - Slapshot by Trevor Lewis.
10:50 of 2nd period - Shot Blocked by Jarred Tinordi.
10:52 of 2nd period - Wrist shot by Austin Wuthrich.
10:52 of 2nd period - Stopped by Marek Mazanek with a rebound.
10:54 of 2nd period - Slapshot by Austin Wuthrich.
10:54 of 2nd period - Stopped by Marek Mazanek with a rebound.
12:17 of 2nd period - Slapshot by Joey Ryan.
12:17 of 2nd period - Shot Misses the Net.
12:19 of 2nd period - Snap shot by Jamie McGinn.
12:19 of 2nd period - Stopped by Marek Mazanek with a rebound.
12:28 of 2nd period - Icing by Joseph Blandisi.
12:29 of 2nd period - Nick Cousins wins face-off versus William Karlsson in Sewer Rats zone.
12:39 of 2nd period - Minor Penalty to Ryan Murphy for Tripping.
12:40 of 2nd period - Tomas Tatar wins face-off versus William Karlsson in Sewer Rats zone.
12:52 of 2nd period - Wrist shot by Eric Fehr.
12:52 of 2nd period - Goal by Eric Fehr - Thunder : 2 - Sewer Rats : 1.
12:53 of 2nd period - Vincent Trocheck wins face-off versus William Karlsson in neutral zone.
12:58 of 2nd period - Wrist shot by Mark Mancari.
12:58 of 2nd period - Goal by Mark Mancari - Thunder : 2 - Sewer Rats : 2.
12:59 of 2nd period - Vincent Trocheck wins face-off versus William Karlsson in neutral zone.
13:24 of 2nd period - Erik Condra is hit by Peter Andersson and loses puck.
13:31 of 2nd period - Wrist shot by Daniel Carr.
13:31 of 2nd period - Shot Misses the Net.
13:33 of 2nd period - Slapshot by Steven Kampfer.
13:33 of 2nd period - Deflect By Austin Wuthrich.
13:33 of 2nd period - Stopped by Niklas Treutle without a rebound.
13:34 of 2nd period - Vincent Trocheck wins face-off versus Trevor Lewis in Thunder zone.
13:44 of 2nd period - Icing by Trevor Lewis.
13:45 of 2nd period - Trevor Lewis wins face-off versus Vincent Trocheck in Thunder zone.
13:56 of 2nd period - Wrist shot by Mark Mancari.
13:56 of 2nd period - Shot Misses the Net.
14:12 of 2nd period - David Wolf is hit by Martin Frk and loses puck.
14:18 of 2nd period - Off-side.
14:19 of 2nd period - Nick Cousins wins face-off versus Dany Roussin in neutral zone.
14:22 of 2nd period - Peter Andersson is hit by Joseph Blandisi and loses puck.
14:57 of 2nd period - Slapshot by William Karlsson.
14:57 of 2nd period - Stopped by Marek Mazanek with a rebound.
14:59 of 2nd period - Snap shot by Dany Roussin.
14:59 of 2nd period - Shot Misses the Net.
15:01 of 2nd period - Slapshot by Peter Andersson.
15:01 of 2nd period - Stopped by Marek Mazanek without a rebound.
15:02 of 2nd period - Trevor Lewis wins face-off versus Vincent Trocheck in Sewer Rats zone.
15:03 of 2nd period - Snap shot by David Wolf.
15:03 of 2nd period - Shot Blocked by Jarred Tinordi.
15:38 of 2nd period - Backhand shot by Zach Stepan.
15:38 of 2nd period - Deflect By Austin Poganski.
15:38 of 2nd period - Stopped by Marek Mazanek with a rebound.
15:52 of 2nd period - Jordan Weal is hit by Stefan Elliott and loses puck.
15:58 of 2nd period - Icing by Eric Fehr.
15:59 of 2nd period - Jordan Weal wins face-off versus Nick Cousins in Thunder zone.
16:36 of 2nd period - Wrist shot by Jordan Weal.
16:36 of 2nd period - Shot Misses the Net.
16:58 of 2nd period - Snap shot by Jonathan Marchessault.
16:58 of 2nd period - Stopped by Niklas Treutle with a rebound.
17:00 of 2nd period - Snap shot by Erik Condra.
17:00 of 2nd period - Stopped by Niklas Treutle with a rebound.
17:14 of 2nd period - Wrist shot by Nick Cousins.
17:14 of 2nd period - Shot Blocked by Gianluca Curcuruto.
17:16 of 2nd period - Snap shot by Nick Cousins.
17:16 of 2nd period - Stopped by Niklas Treutle without a rebound.
17:17 of 2nd period - Vincent Trocheck wins face-off versus Zach Stepan in Thunder zone.
17:33 of 2nd period - Minor Penalty to Joey Ryan for Roughing.
17:34 of 2nd period - Vincent Trocheck wins face-off versus Eric Fehr in Thunder zone.
17:34 of 2nd period - Wrist shot by Mark Mancari.
17:34 of 2nd period - Stopped by Niklas Treutle with a rebound.
17:36 of 2nd period - Minor Penalty to Vincent Trocheck for Goalie Interference.
17:37 of 2nd period - Eric Fehr wins face-off versus Mark Mancari in Sewer Rats zone.
17:42 of 2nd period - Wrist shot by Eric Fehr.
17:42 of 2nd period - Shot Blocked by Steven Kampfer.
17:46 of 2nd period - Snap shot by Dany Roussin.
17:46 of 2nd period - Shot Misses the Net.
17:48 of 2nd period - Slapshot by Gianluca Curcuruto.
17:48 of 2nd period - Deflect By Dany Roussin.
17:48 of 2nd period - Stopped by Marek Mazanek with a rebound.
17:50 of 2nd period - Slapshot by Peter Andersson.
17:50 of 2nd period - Shot Misses the Net.
18:49 of 2nd period - Slapshot by Mikko Vainonen.
18:49 of 2nd period - Shot Blocked by Stefan Elliott.
18:51 of 2nd period - Slapshot by Colby Cave.
18:51 of 2nd period - Shot Blocked by Stefan Elliott.
18:53 of 2nd period - Backhand shot by Derek Forbort.
18:53 of 2nd period - Deflect By Colby Cave.
18:53 of 2nd period - Stopped by Marek Mazanek without a rebound.
18:54 of 2nd period - Eric Fehr wins face-off versus Mark Mancari in Sewer Rats zone.
19:09 of 2nd period - Snap shot by Nick Cousins.
19:09 of 2nd period - Stopped by Niklas Treutle with a rebound.
19:25 of 2nd period - Tomas Tatar is hit by David Wolf and loses puck.
19:33 of 2nd period - Penalty to Joey Ryan is over, Joey Ryan is back on ice.
19:36 of 2nd period - Penalty to Vincent Trocheck is over, Vincent Trocheck is back on ice.
19:54 of 2nd period - Jarred Tinordi is hit by Austin Poganski and loses puck.
Goals for this period are 1 for Thunder vs 2 for Sewer Rats.
Shots for this period are 14 for Thunder vs 16 for Sewer Rats.
3rd period
0:01 of 3rd period - William Karlsson wins face-off versus Vincent Trocheck in neutral zone.
0:13 of 3rd period - Minor Penalty to Joel Edmundson for Holding.
0:14 of 3rd period - William Karlsson wins face-off versus Mark Mancari in Sewer Rats zone.
1:02 of 3rd period - Slapshot by Erik Condra.
1:02 of 3rd period - Shot Blocked by Mikko Vainonen.
2:13 of 3rd period - Penalty to Joel Edmundson is over, Joel Edmundson is back on ice.
2:52 of 3rd period - Slapshot by Joseph Blandisi.
2:52 of 3rd period - Goal by Joseph Blandisi - Thunder : 2 - Sewer Rats : 3.
2:53 of 3rd period - Vincent Trocheck wins face-off versus William Karlsson in neutral zone.
3:01 of 3rd period - Minor Penalty to Dany Roussin for Holding.
3:02 of 3rd period - Vincent Trocheck wins face-off versus Eric Fehr in Thunder zone.
3:04 of 3rd period - Wrist shot by Mark Mancari.
3:04 of 3rd period - Shot Misses the Net.
3:06 of 3rd period - Slapshot by Steven Kampfer.
3:06 of 3rd period - Shot Blocked by Peter Andersson.
3:08 of 3rd period - Slapshot by Steven Kampfer.
3:08 of 3rd period - Stopped by Niklas Treutle without a rebound.
3:09 of 3rd period - Mark Mancari wins face-off versus Eric Fehr in Thunder zone.
5:01 of 3rd period - Penalty to Dany Roussin is over, Dany Roussin is back on ice.
5:12 of 3rd period - Snap shot by Nick Cousins.
5:12 of 3rd period - Goal by Nick Cousins - Thunder : 2 - Sewer Rats : 4.
5:13 of 3rd period - William Karlsson wins face-off versus Mark Mancari in neutral zone.
5:58 of 3rd period - Snap shot by Jamie McGinn.
5:58 of 3rd period - Stopped by Marek Mazanek without a rebound.
5:59 of 3rd period - Zach Stepan wins face-off versus Nick Cousins in Sewer Rats zone.
6:29 of 3rd period - Dany Roussin is hit by Tomas Tatar and loses puck.
6:45 of 3rd period - Off-side.
6:46 of 3rd period - Trevor Lewis wins face-off versus Jonathan Marchessault in neutral zone.
7:36 of 3rd period - Joseph Blandisi is hit by Jamie McGinn and loses puck.
9:16 of 3rd period - Off-side.
9:17 of 3rd period - Jordan Weal wins face-off versus Nick Cousins in neutral zone.
9:42 of 3rd period - Jarred Tinordi is hit by Austin Poganski and loses puck.
10:05 of 3rd period - Snap shot by Stefan Elliott.
10:05 of 3rd period - Stopped by Niklas Treutle with a rebound.
10:07 of 3rd period - Backhand shot by Stefan Elliott.
10:07 of 3rd period - Stopped by Niklas Treutle with a rebound.
10:09 of 3rd period - Snap shot by Dmitrij Jaskin.
10:09 of 3rd period - Goal by Dmitrij Jaskin - Thunder : 2 - Sewer Rats : 5.
10:10 of 3rd period - William Karlsson wins face-off versus Mark Mancari in neutral zone.
10:21 of 3rd period - Slapshot by Joey Ryan.
10:21 of 3rd period - Stopped by Marek Mazanek without a rebound.
10:22 of 3rd period - Vincent Trocheck wins face-off versus William Karlsson in Sewer Rats zone.
10:22 of 3rd period - Vincent Trocheck is hit by Eric Fehr.
10:36 of 3rd period - Wrist shot by Dany Roussin.
10:36 of 3rd period - Stopped by Marek Mazanek with a rebound.
10:38 of 3rd period - Snap shot by Peter Andersson.
10:38 of 3rd period - Stopped by Marek Mazanek with a rebound.
10:48 of 3rd period - Erik Condra is hit by Trevor Lewis and loses puck.
11:17 of 3rd period - Snap shot by Martin Frk.
11:17 of 3rd period - Stopped by Niklas Treutle without a rebound.
11:18 of 3rd period - Vincent Trocheck wins face-off versus William Karlsson in Thunder zone.
11:27 of 3rd period - Wrist shot by Vincent Trocheck.
11:27 of 3rd period - Shot Blocked by Dany Roussin.
11:45 of 3rd period - Stefan Elliott is hit by David Wolf and loses puck.
12:06 of 3rd period - Joseph Blandisi is hit by Jordan Weal.
12:10 of 3rd period - Eric Fehr is hit by Joseph Blandisi and loses puck.
12:44 of 3rd period - Snap shot by Eric Fehr.
12:44 of 3rd period - Shot Blocked by Jonathan Marchessault.
12:46 of 3rd period - Slapshot by Joey Ryan.
12:46 of 3rd period - Shot Blocked by Ryan Murphy.
13:29 of 3rd period - Martin Frk is hit by Dany Roussin and loses puck.
14:38 of 3rd period - Wrist shot by David Wolf.
14:38 of 3rd period - Deflect By Stefan Elliott.
14:38 of 3rd period - Stopped by Marek Mazanek without a rebound.
14:39 of 3rd period - Jonathan Marchessault wins face-off versus William Karlsson in Sewer Rats zone.
14:44 of 3rd period - Slapshot by Steven Kampfer.
14:44 of 3rd period - Stopped by Niklas Treutle with a rebound.
14:52 of 3rd period - Wrist shot by Jonathan Marchessault.
14:52 of 3rd period - Stopped by Niklas Treutle without a rebound.
14:53 of 3rd period - Jonathan Marchessault wins face-off versus William Karlsson in Thunder zone.
14:54 of 3rd period - Snap shot by Daniel Carr.
14:54 of 3rd period - Deflect By Erik Condra.
14:54 of 3rd period - Goal by Erik Condra - Thunder : 2 - Sewer Rats : 6.
14:55 of 3rd period - William Karlsson wins face-off versus Jonathan Marchessault in neutral zone.
15:07 of 3rd period - Snap shot by Eric Fehr.
15:07 of 3rd period - Stopped by Marek Mazanek with a rebound.
15:10 of 3rd period - Minor Penalty to William Karlsson for Tripping.
15:11 of 3rd period - Eric Fehr wins face-off versus Vincent Trocheck in Thunder zone.
15:46 of 3rd period - Slapshot by Erik Condra.
15:46 of 3rd period - Shot Misses the Net.
17:10 of 3rd period - Penalty to William Karlsson is over, William Karlsson is back on ice.
17:16 of 3rd period - Snap shot by Nick Cousins.
17:16 of 3rd period - Shot Misses the Net.
17:44 of 3rd period - Icing by William Karlsson.
17:45 of 3rd period - Dmitrij Jaskin wins face-off versus Jordan Weal in Thunder zone.
17:46 of 3rd period - Wrist shot by Mark Mancari.
17:46 of 3rd period - Stopped by Niklas Treutle with a rebound.
17:48 of 3rd period - Slapshot by Jarred Tinordi.
17:48 of 3rd period - Shot Misses the Net.
17:50 of 3rd period - Snap shot by Mark Mancari.
17:50 of 3rd period - Stopped by Niklas Treutle without a rebound.
17:51 of 3rd period - Jonathan Marchessault wins face-off versus Zach Stepan in Thunder zone.
18:12 of 3rd period - Minor Penalty to Mikko Vainonen for Boarding.
18:13 of 3rd period - Vincent Trocheck wins face-off versus Eric Fehr in Thunder zone.
Goals for this period are 0 for Thunder vs 4 for Sewer Rats.
Shots for this period are 6 for Thunder vs 12 for Sewer Rats.
Back to the Top